 Dungeon Crawl Stone Soup version 0.31-a0-691-g409c26aa35 (webtiles) character file.

Game seed: 11321917540679795320

129 SmokeWeed the Shooter (level 5, -2/35 HPs)
             Began as an Octopode Hunter on Sept 6, 2023.
             Slain by a black bear (4 damage)
             ... on level 3 of the Dungeon.
             The game lasted 00:05:17 (1778 turns).

SmokeWeed the Shooter (Octopode Hunter)             Turns: 1778, Time: 00:05:19

Health: -2/35      AC:  1    Str: 11    XL:     5   Next: 12%
Magic:  5/5        EV: 13    Int: 11    God:
Gold:   142        SH:  0    Dex: 17    Spells: 3/4 levels left

rFire   . . .        p - +0 short sword (drain)
rCold   . . .        (no shield)
rNeg    . . .        (helmet restricted)
rPois   .            (no amulet)
rElec   .            (no ring)
rCorr   .            (no ring)
SInv    .            (no ring)
Will    .....        (no ring)
Stlth   +++          (no ring)
HPRegen 0.25/turn    (no ring)
MPRegen 0.09/turn    (no ring)
                     (no ring)

%: no passive effects
@: no status effects
A: almost no armour, amphibious, 8 rings, camouflage 1, gelatinous body 1,
(nimble swimmer 1), tentacles
a: no special abilities


You were on level 3 of the Dungeon.
You visited 1 branch of the dungeon, and saw 3 of its levels.

You collected 142 gold pieces.

Inventory:

Hand Weapons
 a - a +0 shortbow
 p - a +0 short sword of draining (weapon)
 q - a +4 dagger
Missiles
 d - 3 boomerangs
 h - 4 poisoned darts (quivered)
Armour
 r - a +0 tower shield
Scrolls
 b - a scroll of butterflies
 f - a scroll of vulnerability {unknown}
 j - 4 scrolls of fog {unknown}
 k - a scroll of acquirement {unknown}
 l - a scroll of enchant weapon {unknown}
 m - a scroll of teleportation {unknown}
 o - a scroll of fear {unknown}
 s - 2 scrolls of noise {unknown}
Potions
 c - 2 potions of degeneration {unknown}
 e - a potion of lignification {unknown}
 g - 2 potions of resistance {unknown}
 i - a potion of curing {unknown}
 n - a potion of heal wounds {unknown}


   Skills:
 + Level 2.3 Fighting
 + Level 6.0 Ranged Weapons
 + Level 2.1 Dodging
 + Level 1.5 Stealth


You had 3 spell levels left.
You knew the following spells:

 Your Spells              Type           Power      Damage    Failure   Level
a - Slow                  Hex            0%         N/A       34%         1

Your spell library contained the following spells:

 Spells                   Type           Power      Damage    Failure   Level
 Kiss of Death            Conj/Necr      0%         2d5       34%         1
 Summon Small Mammal      Summ           0%         N/A       34%         1
 Call Canine Familiar     Summ           0%         N/A       71%         3
 Confusing Touch          Hex            0%         N/A       71%         3
 Summon Guardian Golem    Hex/Summ       0%         N/A       71%         3
 Vampiric Draining        Necr           0%         2d6       71%         3
 Dispel Undead            Necr           0%         3d6       98%         4


Dungeon Overview and Level Annotations

Branches:
Dungeon (3/15)

Altars:


Innate Abilities, Weirdness & Mutations

You cannot wear most types of armour.
You are amphibious.
You can wear up to eight rings at the same time.
Your skin changes colour to match your surroundings (Stealth+).
Your rubbery body absorbs attacks. (AC +1, EV +1)
((You are camouflaged when in or above water. (Stealth+)))
You have tentacles for arms and can constrict up to eight enemies at once.


Message History

You throw a poisoned dart.
The poisoned dart barely misses the black bear.
Throw: 6 darts (poison)
Press: ? - help, Q - select action, (/) - cycle Shift-Dir - straight line, f/p - black bear
Aim: a black bear (moderately wounded, poisoned, 65% to hit)
You throw a poisoned dart.
The poisoned dart barely misses the black bear.
The black bear looks more healthy.
The black bear attacks as it pursues you!
The black bear barely misses you. The black bear claws you.
The black bear closely misses you.
Throw: 5 darts (poison)
Press: ? - help, Q - select action, (/) - cycle Shift-Dir - straight line, f/p - black bear
Aim: a black bear (moderately wounded, 65% to hit)
You throw a poisoned dart. The poisoned dart hits the black bear.
The black bear is poisoned.
The black bear is moderately wounded.
You hit the black bear but do no damage.
You drain the black bear. You grab the black bear. You squeeze the black bear.
The black bear is severely wounded.
You constrict the black bear.
The black bear goes berserk!
You hit the black bear but do no damage.
The black bear is severely wounded.
You constrict the black bear, but do no damage.
The black bear bites you! The black bear closely misses you. x2
The black bear completely misses you. The black bear misses you.
The black bear claws you.
You hit the black bear but do no damage.
You squeeze the black bear.
The black bear is almost dead.
You constrict the black bear. The black bear bites you!
The black bear claws you. x2
* * * LOW HITPOINT WARNING * * *
You release your grip on the black bear.
The black bear bites you.
* * * LOW HITPOINT WARNING * * *
The black bear claws you.
* * * LOW HITPOINT WARNING * * *
The black bear claws you.
You die...

######## #......#
##### #......# #...#
#......# #...# #
#......#####...# #
#.^.......##...#####
#
#....@.##.....)....#
#
#####h####.........#
# #.# ##........# #
#.# #........### #.#
#........##. #.#
#........... #.#
#........#.. ...
.#........... .....
....#...#..<.


You could see a black bear (berserk, poisoned, drained).

Vanquished Creatures
  An iguana (D:3)
  3 adders
  An ufetubus (D:3)
  3 worms (D:2)
  A dart slug (D:2)
  An orc (D:3)
  4 endoplasms
  2 giant cockroaches
  7 hobgoblins
  3 jackals (D:1)
  10 kobolds
  2 quokkas (D:2)
  5 ball pythons
  3 bats
  4 frilled lizards
  4 goblins
  5 rats
59 creatures vanquished.

Notes
Turn   | Place    | Note
-------+----------+-------------------------------------------
     0 | D:1      | SmokeWeed the Octopode Hunter began the quest for the Orb.
     0 | D:1      | Reached XP level 1. HP: 14/14 MP: 1/1
    84 | D:1      | Found a faded altar of an unknown god.
   272 | D:1      | Reached XP level 2. HP: 19/19 MP: 2/2
   806 | D:2      | Reached XP level 3. HP: 24/24 MP: 3/3
   870 | D:2      | Learned a level 1 spell: Slow
   942 | D:2      | Reached skill level 5 in Ranged Weapons
  1173 | D:2      | Reached XP level 4. HP: 26/29 MP: 4/4
  1461 | D:3      | Reached skill level 6 in Ranged Weapons
  1461 | D:3      | Reached XP level 5. HP: 22/35 MP: 5/5
  1765 | D:3      | Noticed a black bear
  1778 | D:3      | Slain by a black bear

Illustrated notes

Levels and vault maps discovered:
D:1:      dpeg_arrival_renting, layout_loops_ring,
          shapermc_ecumenical_altar_petra, supply_closet_lemuel,
          minmay_misc_feat_tiny, minmay_domino_2
D:2:      layout_rooms, kennysheep_generic_room_5
D:3:      layout_rooms, amcnicky_mini_rare_corridor_liquid

Skill      XL: |  1  2  3  4 |
---------------+-------------+-----
Ranged Weapons | 5 6 |  6.0
Fighting       | |  2.3
Dodging        | |  2.1
Stealth        | |  1.5

Action                     |  1- 3 |  4- 6 || total
---------------------------+-------+-------++-------
  Melee: Short sword       |       |    17 ||    17
         Tentacles         |       |     6 ||     6
         Constrict         |       |     4 ||     4
   Fire: Shortbow          |    92 |    47 ||   139
  Throw: Dart              |       |     5 ||     5
   Stab: Sleeping          |       |     1 ||     1
 Armour: Skin              |    10 |    27 ||    37
  Dodge: Dodged            |    18 |    38 ||    56

Table legend: (Time is in decaauts)
 A = Elapsed time spent in this place.
 B = Non-inter-level travel time spent in this place.
 C = Inter-level travel time spent in this place.
 D = Time resting spent in this place.
 E = Time spent auto-exploring this place.
 F = Levels seen in this place.
 G = Mean time per level.
                   A        B        C        D        E       F      G
               +--------+--------+--------+--------+--------+-----+--------+
         Total |   1798 |   1740 |     58 |     41 |   1328 |   3 |  599.3 |
       Dungeon |   1798 |   1740 |     58 |     41 |   1328 |   3 |  599.3 |
               +--------+--------+--------+--------+--------+-----+--------+

Top non-repeatable levels by time:
     D:1: 803 daAuts
     D:2: 565 daAuts
     D:3: 428 daAuts
